 Dungeon Crawl Stone Soup version 0.31.0-4-g52a2dc7128 (webtiles) character file.

Game seed: 125428215233486496

9889 dorian the Hermetic (level 11, -1/105 HPs)
             Began as a Formicid Alchemist on Jan 22, 2024.
             Was a Priest of Cheibriados.
             Slain by a vampire (6 damage)
             ... on level 11 of the Dungeon.
             The game lasted 00:27:21 (8975 turns).

dorian the Hermetic (Formicid Alchemist)            Turns: 8975, Time: 00:27:22

Health: -1/105     AC: 29    Str: 21    XL:     11   Next: 82%
Magic:  28/28      EV:  2    Int: 30    God:    Cheibriados [***...]
Gold:   232        SH:  0    Dex: 22    Spells: 12/26 levels left

rFire   . . .        L - +5 sling "Woyfej" {flame, Int+3}
rCold   . . .        (no shield)
rNeg    . . .        s - melded +2 ring mail of the Lily {rN+ Regen+ rCorr}
rPois   +            (helmet unavailable)
rElec   .            (cloak currently unavailable)
rCorr   .            A - melded +2 pair of gloves
SInv    .            K - melded +0 pair of boots
Will    ++...        w
                       - Hermit's Pendant {Faith Invo=14 Evo=0 MP+5}
Stlth   +++          H - ring of poison resistance
HPRegen 0.37/turn    i - +4 ring of protection
MPRegen 0.21/turn

%: faith
@: tree-form (expiring), enlightened, very slow
A: stationary, stasis, torment immunity, boosted hp, permanent stasis, dig
shafts and tunnels, (antennae 3), four strong arms
a: Renounce Religion, Bend Time, Temporal Distortion


You were on level 11 of the Dungeon.
You worshipped Cheibriados.
Cheibriados was most pleased with you.
You were a tree.
You visited 2 branches of the dungeon, and saw 12 of its levels.

You collected 593 gold pieces.
You spent 361 gold pieces at shops.

Inventory:

Hand Weapons
 d - a +1 spear
 y - a +3 shortbow of freezing
 C - a +5 heavy morningstar
 D - a +2 spear of venom
 L - the +5 sling "Woyfej" (weapon) {flame, Int+3}
   (You found it on level 9 of the Dungeon)

   Int+3:     It affects your intelligence (+3).
Missiles
 c - 30 poisoned darts
 x - 4 throwing nets
Armour
 a - a +1 robe
 o - a +0 pair of gloves
 s - the +2 ring mail of the Lily (melded) {rN+ Regen+ rCorr}
   (You found it on level 4 of the Dungeon)

   rN+:       It protects you from negative energy.
   Regen+:    It increases your rate of health regeneration.
   rCorr:     It protects you from acid and corrosion.
 A - a +2 pair of gloves (melded)
 F - +1 swamp dragon scales
 K - a +0 pair of boots (melded)
Jewellery
 i - a +4 ring of protection (right branch)
 j - a +6 ring of strength
 k - a ring of protection from cold
 w - the Hermit's Pendant (around neck) {Faith Invo=14 Evo=0 MP+5}
   (You found it on level 8 of the Dungeon)

   [amulet of faith]

   Invo=14: It sets your Invocations skill to 14.
   Evo=0: It sets your Evocations skill to 0.
   Faith:     It allows you to gain divine favour quickly.
   MP+5:      It affects your magic capacity (+5).
 H - a ring of poison resistance (left branch)
 O - a ring of wizardry
 Q - an amulet of guardian spirit
Wands
 g - a wand of iceblast (10)
 v - a wand of digging (2)
 E - a wand of paralysis (7)
 M - a wand of polymorph (6)
 N - a wand of flame (8)
Scrolls
 n - a scroll of immolation
 r - a scroll of identify
 u - a scroll of enchant armour
 z - a scroll of poison
 B - a scroll of fear
 I - a scroll of enchant weapon
Potions
 b - 2 potions of magic
 f - a potion of berserk rage
 h - a potion of haste
 l - 2 potions of cancellation {unknown}
 m - a potion of lignification
 p - 2 potions of degeneration {unknown}
 t - 2 potions of enlightenment
 G - a potion of might {unknown}
 P - a potion of brilliance {unknown}
 R - a potion of mutation {unknown}


   Skills:
 + Level 1.2 Fighting
 + Level 6.0 Ranged Weapons
 + Level 8.1 Armour
 - Level 1.7 Dodging
 - Level 2.4 Stealth
 + Level 8.4 Spellcasting
 - Level 0.8 Conjurations
 + Level 6.0 Earth Magic
 + Level 15.1 Alchemy


You had 12 spell levels left.
You knew the following spells:

 Your Spells              Type           Power      Damage    Failure   Level
a - Sting                 Conj/Alch      100%       1d9       1%          1
b - Mercury Vapours       Alch/Air       100%       N/A       1%          2
c - Olgreb's Toxic Radia  Alch           80%        N/A       1%          4
d - Mephitic Cloud        Conj/Alch/Air  44%        N/A       1%          3
e - Leda's Liquefaction   Alch/Erth      33%        N/A       1%          4

Your spell library contained the following spells:

 Spells                   Type           Power      Damage    Failure   Level
 Fulminant Prism          Conj/Alch      28%        3d14      1%          4
 Sticky Flame             Fire/Alch      55%        2d10      1%          4
 Shock                    Conj/Air       60%        1d6       3%          1
 Sublimation of Blood     Necr           12%        N/A       6%          2
 Lee's Rapid Deconstruct  Erth           24%        3d13*     10%         5
 Dazzling Flash           Conj/Hex       30%        N/A       11%         3
 Confusing Touch          Hex            12%        N/A       12%         3
 Tukima's Dance           Hex            12%        N/A       12%         3
 Volatile Blastmotes      Fire/Tloc      24%        2d12      12%         3
 Iskenderun's Mystic Bla  Conj/Tloc      15%        2d5       34%         4
 Airstrike                Air            6%         2d(1-17)  38%         4
 Animate Dead             Necr           12%        N/A       38%         4
 Curse of Agony           Necr           12%        N/A       75%         5
 Silence                  Hex/Air        6%         N/A       75%         5
 Bombard                  Conj/Erth      16%        9d3       83%         6
 Swiftness                Air            Unusable   N/A       N/A         3

Dungeon Overview and Level Annotations

Branches:
Dungeon (11/15) Zot: 39553  Temple (1/1) D:6 Zot: 8914    Lair (0/5) D:10
    Orc: D:9-12

Altars:
Ashenzari
Cheibriados
Dithmenos
Elyvilon
Fedhas
Gozag
Hepliaklqana
Kikubaaqudgha
Makhleb
Nemelex Xobeh
Okawaru
Qazlal
Ru
Sif Muna
Trog
Uskayaw
Vehumet
Wu Jian
Xom
Yredelemnul
Zin
The Shining One

Shops:
D:7 (   D:9 [

Annotations:
D:11 2 transporters, EnegeticOcto's ghost, journeyman MiFi


Innate Abilities, Weirdness & Mutations

You are a tree.
Your roots penetrate the ground, keeping you stationary.
You cannot be teleported.
You are immune to unholy pain and torment.
Your maximum health is greatly increased.
Your equipment is partially melded.
You cannot be hasted, slowed, berserked, paralysed or teleported.
You can dig through walls and to a lower floor.
((You have a pair of large antennae on your head. (SInv)))
Your four strong arms can wield two-handed weapons with a shield.


Message History

You shoot a sling bullet. Something hits you but does no damage.
Something completely misses you.
Aiming: Bolt of Light
Press: ? - help, Shift-Dir - straight line The now-empty wand crumbles to dust.
Something hits you but does no damage. Something bites you.
* * * LOW HITPOINT WARNING * * *
Something draws strength from your injuries!
You feel better.
You hear some strange, mumbled words.
Something tries to affect you, but you resist.
Aiming: Paralyse
Press: ? - help, Shift-Dir - straight line Nothing appears to happen.
Your transformation is almost over.
Something hits you but does no damage. Something bites you but does no damage.
Aiming: Throw Flame
Press: ? - help, Shift-Dir - straight line The puff of flame hits something but does no damage.
Something hits you but does no damage. Something bites you but does no damage.
Aiming: Throw Flame
Press: ? - help, Shift-Dir - straight line The puff of flame hits something but does no damage.
The ground is no longer liquid beneath you.
A vampire appears from thin air!
Reactivating autopickup.
The vampire draws life force from you!
* * * LOW HITPOINT WARNING * * *
The vampire is healed by the life force!
You feel better.
The vampire points at you and mumbles some strange words.
You easily resist.
It was a potion of haste.
Your stasis prevents you from being hasted.
The vampire hits you but does no damage.
The vampire bites you but does no damage.
Your roots keep you in place.
The vampire hits you!
* * * LOW HITPOINT WARNING * * *
The vampire bites you.
You die...

######### ............#
+. )..©.....
...#########.# #.
#[....... ...#
#.#########. #<..#####
#........... ....#
#..>........ ....# #.
#........... ....#
#..##### #..........#
#...#
#......#####.........##
#...# {
#.....♣......(......##
#...#
#......V...........##
#...#
+..................#
#...#
#..................#
.....#####..........#{
....., #..........#
.... #..........# ....
+..........#


You could see a vampire.

Vanquished Creatures
  Harold (D:9)
  A two-headed ogre (D:11)
  A boulder beetle (D:11)
  A cyclops (D:10)
  3 centaur zombies (D:11)
  Maggie (D:9)
  A gargoyle (D:10)
  An unseen horror (D:11)
  3 kobold demonologists (D:10)
  A hornet (D:7)
  2 trolls
  A meliai zombie (D:11)
  2 vampires
  6 yaks (D:10)
  2 wraiths
  A steam dragon (D:9)
  Grum (D:9)
  A black bear (D:7)
  An ogre (D:5)
  2 orc warriors
  An ice beast (D:6)
  2 wolves (D:9)
  2 phantoms (D:5)
  2 kobold brigands
  A gnoll sergeant (D:6)
  A bullfrog (D:9)
  3 scorpions
  8 wights
  4 killer bees (D:7)
  A gnoll bouda (D:8)
  3 hounds
  4 orc priests
  3 iguanas
  10 orc wizards
  10 adders
  10 gnolls
  2 white imps
  A dart slug (D:3)
  30 orcs
  5 bats
  9 endoplasms
  A giant cockroach (D:1)
  7 goblins
  4 hobgoblins
  8 jackals
  20 kobolds
  3 quokkas
  5 ball pythons
  5 frilled lizards
  6 rats
204 creatures vanquished.

Vanquished Creatures (others)
  An orc wizard (D:3)
1 creature vanquished.

Grand Total: 205 creatures vanquished

Notes
Turn   | Place    | Note
-------+----------+-------------------------------------------
     0 | D:1      | dorian the Formicid Alchemist began the quest for the Orb.
     0 | D:1      | Reached XP level 1. HP: 13/13 MP: 3/3
    50 | D:1      | Reached XP level 2. HP: 9/19 MP: 0/5
   362 | D:1      | Reached XP level 3. HP: 19/24 MP: 0/6
   367 | D:1      | Reached skill level 5 in Alchemy
   439 | D:1      | Found a faded altar of an unknown god.
   980 | D:2      | Reached XP level 4. HP: 30/30 MP: 5/8
  1399 | D:2      | Identified a scroll of acquirement
  1399 | D:2      | Acquired a book of the Earth
  1404 | D:2      | Learned a level 2 spell: Mercury Vapours
  1759 | D:3      | Reached skill level 6 in Alchemy
  1761 | D:3      | Reached XP level 5. HP: 29/35 MP: 1/9
  2168 | D:4      | Reached skill level 7 in Alchemy
  2168 | D:4      | Reached XP level 6. HP: 38/41 MP: 8/11
  2229 | D:4      | Identified the +2 ring mail of the Lily {rN+ Regen+ rCorr}
  2344 | D:4      | Reached skill level 1 in Armour
  2873 | D:4      | Learned a level 4 spell: Olgreb's Toxic Radiance
  2897 | D:5      | Entered Level 5 of the Dungeon
  3120 | D:5      | Reached XP level 7. HP: 46/46 MP: 8/13
  3179 | D:5      | Reached skill level 8 in Alchemy
  3789 | D:5      | Reached skill level 9 in Alchemy
  3872 | D:6      | Reached XP level 8. HP: 50/52 MP: 12/15
  4097 | D:6      | Reached skill level 5 in Spellcasting
  4264 | D:6      | Found a staircase to the Ecumenical Temple.
  4288 | Temple   | Entered the Ecumenical Temple
  4319 | Temple   | Became a worshipper of Cheibriados the Contemplative
  4516 | D:7      | Noticed a hornet
  4516 | D:7      | Found Linuegesche's Antique Weapon Shoppe.
  4717 | D:7      | Killed a hornet
  4718 | D:7      | Reached skill level 10 in Alchemy
  4917 | D:7      | Bought a runed shortbow for 180 gold pieces
  4929 | D:7      | Reached * piety under Cheibriados
  4938 | D:7      | Reached XP level 9. HP: 53/57 MP: 8/17
  4974 | D:7      | Reached skill level 1 in Ranged Weapons
  5039 | D:7      | Reached skill level 11 in Alchemy
  5231 | D:7      | Reached skill level 5 in Armour
  5359 | D:7      | Reached ** piety under Cheibriados
  5689 | D:8      | Found the Hermit's Pendant {Faith Invo=14 Evo=0 MP+5}
  6126 | D:8      | Reached skill level 12 in Alchemy
  6390 | D:8      | Learned a level 3 spell: Mephitic Cloud
  6395 | D:8      | Learned a level 4 spell: Leda's Liquefaction
  6491 | D:9      | Noticed a troll
  6502 | D:9      | Killed a troll
  6590 | D:9      | Reached *** piety under Cheibriados
  6591 | D:9      | Reached skill level 1 in Earth Magic
  6615 | D:9      | Reached XP level 10. HP: 8/63 MP: 20/20
  6686 | D:9      | Identified the +5 sling "Woyfej" {flame, Int+3}
  6715 | D:9      | Found a bloodstained altar of Trog.
  6726 | D:9      | Found Caprav's Armour Emporium.
  6734 | D:9      | Bought a +2 pair of gloves for 181 gold pieces
  6753 | D:9      | Noticed Harold
  6769 | D:9      | Killed Harold
  6770 | D:9      | Reached skill level 13 in Alchemy
  6794 | D:9      | Noticed Grum
  6799 | D:9      | Killed Grum
  6957 | D:9      | Noticed Maggie
  6984 | D:9      | Killed Maggie
  7314 | D:9      | Found an ornate altar of the Wu Jian Council.
  7373 | D:10     | Entered Level 10 of the Dungeon
  7384 | D:10     | Reached **** piety under Cheibriados
  7526 | D:10     | Noticed a cyclops
  7532 | D:10     | Killed a cyclops
  7533 | D:10     | Reached XP level 11. HP: 45/68 MP: 11/22
  7896 | D:10     | Reached skill level 5 in Ranged Weapons
  7896 | D:10     | Reached skill level 14 in Alchemy
  8064 | D:10     | Reached skill level 5 in Earth Magic
  8259 | D:10     | Got Ahilagg's Commentary on Charmed Black Acts
  8266 | D:10     | Found a staircase to the Lair.
  8509 | D:11     | Found a transporter.
  8514 | D:11     | Found a transporter.
  8527 | D:11     | Noticed EnegeticOcto's ghost (journeyman MiFi)
  8531 | D:11     | Noticed a two-headed ogre
  8539 | D:11     | Killed a two-headed ogre
  8770 | D:11     | Reached ***** piety under Cheibriados
  8787 | D:11     | Reached skill level 15 in Alchemy
  8899 | D:11     | Noticed a boulder beetle
  8910 | D:11     | Killed a boulder beetle
  8911 | D:11     | Reached skill level 1 in Fighting
  8968 | D:11     | HP: 5/105 [something (5)]
  8975 | D:11     | HP: 5/105 [vampire (7)]
  8975 | D:11     | Slain by a vampire

Illustrated notes

Levels and vault maps discovered:
D:1:      shiori_shiawase, layout_basic, shapermc_ecumenical_altar_pompeii
D:2:      layout_basic, hangedman_decor_growths
D:3:      layout_rooms, minivault_4
D:4:      layout_loops_ring
D:5:      layout_gridville
D:6:      layout_cave_pools, minmay_temple_entry_enclosed_plants
D:7:      layout_rooms, serial_shops, shop, enter_bailey_3
D:8:      layout_basic
D:9:      layout_cave_pools, lemuel_round_altar, lemuel_round_altar,
          serial_shops, shop, hangedman_abyss_or_decor_passed, uniq_grum,
          uniq_maggie, uniq_harold
D:10:     layout_roguey, lair_entry_dummy
D:11:     minmay_the_grid_octo_2x2 [minmay_the_grid_octo_77,
          minmay_the_grid_octo_toaster, minmay_the_grid_octo_fat_diamond,
          minmay_the_grid_octo_prize_ultimate_mussel_roller],
          layout_irregular_city, gammafunk_ghost_hive, serial_undead,
          serial_undead_e, serial_undead_c, serial_undead_a, serial_undead_a,
          uniq_sonja, uniq_josephine, uniq_erolcha
Temple:   mainiacjoe_temple_big_plus

Skill      XL: |  1  2  3  4  5  6  7  8  9 10 11 |
---------------+----------------------------------+-----
Alchemy        | 5 6 7 9 10 12 13 15 | 15.1
Spellcasting   | 3 4 5 6 7 8 |  8.4
Armour         | 1 3 4 6 7 8 |  8.1
Ranged Weapons | 3 4 6 |  6.0
Earth Magic    | 1 4 6 |  6.0
Fighting       | 1 |  1.2
Dodging        | |  1.7
Stealth        | |  2.4
Conjurations   | |  0.8

Action                     |  1- 3 |  4- 6 |  7- 9 | 10-12 || total
---------------------------+-------+-------+-------+-------++-------
  Melee: Spear             |    56 |    66 |   108 |       ||   230
         Punch             |     1 |     2 |     1 |       ||     4
   Fire: Shortbow          |       |       |   156 |     4 ||   160
         Sling             |       |       |       |   199 ||   199
  Throw: Dart              |     8 |       |       |       ||     8
   Cast: Sting             |    36 |    67 |    99 |    20 ||   222
         Olgreb's Toxic Ra |       |       |    11 |    30 ||    41
         Leda's Liquefacti |       |       |       |     5 ||     5
 Invoke: Slouch            |       |       |       |     3 ||     3
         Bend Time         |       |       |       |     1 ||     1
         Temporal Distorti |       |       |       |     1 ||     1
  Evoke: Wand              |       |       |     2 |     6 ||     8
    Use: Scroll            |       |    12 |     6 |       ||    18
         Potion            |       |       |     2 |     7 ||     9
   Stab: Sleeping          |     3 |       |       |       ||     3
 Armour: Robe              |    30 |    27 |       |       ||    57
         Ring mail         |       |    37 |   247 |   151 ||   435
         Skin              |       |       |       |    38 ||    38
  Dodge: Dodged            |    36 |    64 |   172 |   103 ||   375
